 Dungeon Crawl Stone Soup version 0.27-a0-1188-g73eefd5def (webtiles) character file.

Game seed: 14013437585493600905

105571 wakim the Grappler (level 15, -10/148 HPs)
             Began as a Troll Fighter on May 21, 2021.
             Was the Champion of Qazlal.
             Mangled by a cacodemon (16 damage)
             ... on level 2 of the Abyss.
             The game lasted 01:04:10 (23244 turns).

wakim the Grappler (Troll Fighter)                 Turns: 23244, Time: 01:04:11

Health: -10/148    AC: 12    Str: 32    XL:     15   Next: 95%
Magic:  6/21       EV: 10    Int:  5    God:    Qazlal [******]
Gold:   2256       SH:  0    Dex:  9    Spells: 14/14 levels left

rFire    + . .     SeeInvis +     - Unarmed
rCold    + . .     Faith    .   a - +0 tower shield {reflect}
rNeg     . . .     Spirit   .   d - +3 troll leather armour {Snorg}
rPois    .         Reflect  +   f - +0 hat
rElec    .         Harm     .   b - scarf {rC+ rF+}
rCorr    .         Rampage  .   (gloves unavailable)
Will     +....                  (boots unavailable)
Stlth    ..........             e - amulet of regeneration
HPRegen  0.00/turn              g - ring of see invisible
MPRegen  0.17/turn              t - +4 ring of slaying

@: confused, about to teleport, protected from physical damage, mildly diseased,
repel missiles
A: large, unfitting armour, claws 3, regeneration 1, shaggy fur 1, tough skin 1
a: Renounce Religion, Upheaval, Elemental Force, Disaster Area


You were on level 2 of the Abyss.
You worshipped Qazlal.
Qazlal was exalted by your worship.
You visited 4 branches of the dungeon, and saw 23 of its levels.
You visited the Abyss 1 time.
You also visited: Volcano.

You collected 2256 gold pieces.

Inventory:

Missiles
 c - 5 throwing nets {=f!f}
 k - 10 boomerangs of dispersal {=f!f}
 m - 63 poisoned darts
 n - 23 boomerangs (quivered)
 p - 2 curare-tipped darts {=f}
 s - 19 large rocks {=f}
 R - 3 datura-tipped darts
Armour
 a - a +0 tower shield of reflection (worn)
 b - a scarf of resistance (worn)
 d - a +3 troll leather armour (worn) {Snorg}
 f - a +0 hat (worn)
 o - +0 fire dragon scales
 U - a +1 cloak
Jewellery
 e - an amulet of regeneration (around neck)
 g - a ring of see invisible (left claw)
 h - a ring of resist corrosion
 i - a ring of poison resistance
 j - a +6 ring of intelligence
 q - a +6 ring of dexterity
 t - a +4 ring of slaying (right claw)
 z - a ring of ice
 P - a +4 ring of protection
Wands
 v - a wand of flame (85)
 w - a wand of acid (8)
 x - a wand of charming (8)
 y - a wand of paralysis (21)
Scrolls
 l - 5 scrolls of enchant armour
 r - 8 scrolls of identify
 u - 5 scrolls of enchant weapon
 Q - 2 scrolls of immolation {!r!r}
 S - a scroll of summoning
 T - 10 scrolls of teleportation
 X - 3 scrolls of fog
Potions
 A - 6 potions of ambrosia
 B - 9 potions of attraction {!q}
 C - 4 potions of berserk rage {!q}
 D - 2 potions of brilliance
 E - a potion of cancellation
 F - 8 potions of curing
 G - 4 potions of flight
 H - 2 potions of haste
 I - a potion of invisibility
 J - 4 potions of heal wounds
 K - 2 potions of magic
 L - 5 potions of lignification {!q}
 M - 5 potions of mutation {!q}
 N - 3 potions of might
 O - 2 potions of resistance


   Skills:
 + Level 9.5 Fighting
 - Level 8.0 Throwing
 - Level 5.0 Armour
 + Level 9.5 Dodging
 + Level 11.0 Shields
 * Level 14.8 Unarmed Combat
 * Level 10.3 Invocations
 - Level 0.8 Evocations


You had 14 spell levels left.
You didn't know any spells.
Your spell library contained the following spells:

 Spells                   Type           Power      Damage    Failure   Level
 Animate Skeleton         Necr           0%         N/A       80%         1
 Apportation              Tloc           0%         N/A       80%         1
 Beastly Appendage        Tmut           0%         N/A       80%         1
 Corona                   Hex            0%         N/A       80%         1
 Foxfire                  Conj/Fire      0%         2x1d4     80%         1
 Freeze                   Ice            0%         1d3       80%         1
 Magic Dart               Conj           0%         1d3       80%         1
 Summon Small Mammal      Summ           0%         N/A       80%         1
 Blink                    Tloc           N/A        N/A       91%         2
 Call Imp                 Summ           0%         N/A       91%         2
 Slow                     Hex            0%         N/A       91%         2
 Wereblood                Tmut           0%         N/A       91%         2
 Confusing Touch          Hex            0%         N/A       99%         3
 Conjure Flame            Conj/Fire      0%         6-21      99%         3
 Frozen Ramparts          Ice            0%         1d2       99%         3
 Gell's Gravitas          Tloc           0%         N/A       99%         3
 Ignite Poison            Fire/Tmut/Pois 0%         N/A       99%         3
 Inner Flame              Hex/Fire       0%         N/A       99%         3
 Mephitic Cloud           Conj/Pois/Air  0%         N/A       99%         3
 Ozocubu's Armour         Ice            0%         N/A       99%         3
 Spider Form              Tmut/Pois      0%         N/A       99%         3
 Hailstorm                Conj/Ice       0%         3d3       100%        4
 Ice Form                 Ice/Tmut       0%         N/A       100%        4
 Petrify                  Tmut/Erth      0%         N/A       100%        4
 Sticky Flame             Conj/Fire      0%         2d3       100%        4
 Fireball                 Conj/Fire      0%         3d3       100%        5
 Hydra Form               Tmut           0%         N/A       100%        5
 Metabolic Englaciation   Hex/Ice        0%         N/A       100%        5
 Yara's Violent Unravell  Hex/Tmut       0%         3d3       100%        5
 Starburst                Conj/Fire      0%         8x6d3     100%        6
 Ignition                 Fire           0%         3d3       100%        8


Dungeon Overview and Level Annotations

Branches:
Dungeon (15/15)            Temple (1/1) D:4            Lair (6/6) D:9
  Swamp (0/4) Lair:4        Snake (0/4) Lair:3        Slime (0/5) Lair:5
    Orc (1/2) D:12         Vaults (0/5) D:14         Depths (0/5) D:15
Volcano (visited)

Altars:
Ashenzari
Cheibriados
Dithmenos
Elyvilon
Fedhas
Gozag
Hepliaklqana
Kikubaaqudgha
Makhleb
Nemelex Xobeh
Okawaru
Qazlal
Ru
Sif Muna
Trog
Uskayaw
Vehumet
Wu Jian
Xom
Yredelemnul
Zin
The Shining One
Beogh

Shops:
D:3 [   Orc:1 ?

Portals:
Trove: D:15 (give 14 potions of heal wounds)

Annotations:
Lair:6 2 runed translucent doors, wakim's ghost, journeyman DjCj


Innate Abilities, Weirdness & Mutations

You are too large for most types of armour.
You have claws for hands.
Your natural rate of healing is unusually fast.
You are covered in fur. (AC +1)
You have tough skin. (AC +1)


Message History

You block the ancient zyme's attack. x2
You eviscerate the ancient zyme!!!
The ancient zyme is almost destroyed.
The starspawn tentacle is engulfed in freezing vapours.
You destroy the starspawn tentacle!
The small abomination is engulfed in blazing flames.
You destroy the small abomination!
Qazlal accepts your kill. You block the ancient zyme's attack. x2
The starcursed mass shrieks in your mind.
* * * LOW HITPOINT WARNING * * *
You completely miss the ancient zyme.
The ancient zyme is almost destroyed.
A tentacle flies out from the starspawn's body!
You block the ancient zyme's attack.
The ancient zyme hits you but does no damage.
The cacodemon is engulfed in freezing vapours.
The cacodemon hits you!
* * * LOW HITPOINT WARNING * * *
You feel protected from physical attacks.
You block the cacodemon's attack.
A starspawn tentacle comes into view.
You feel much better.
The ufetubus disappears in a puff of smoke!
A starcursed mass splits.
The ancient zyme is engulfed in blazing flames.
You destroy the ancient zyme!
Qazlal accepts your kill.
You block the tentacled starspawn's attack. x2
The cacodemon is engulfed in freezing vapours.
The cacodemon gestures at you.
You are confused.
A small abomination comes into view.
A worldbinder comes into view.
The tentacled starspawn bites you!!
* * * LOW HITPOINT WARNING * * *
The tentacled starspawn barely misses you.
The shadow misses you.
The cacodemon is engulfed in freezing vapours.
The cacodemon hits you!
You die...

.# .#. ..## #
# .. #####
##..#.# # #
## ##
...[##ยง...#
.# .. ##
#......#####
.## .Y
.##.WwX.## ##
##.x.5X.52@##
... ###
.X.x.Z#W.#
X####
..#...###V..#
5F# .#.....#
#n##.# .
.#........#
## .#
##.....##
...# #####. #
. .. ## ..


You could see 2 starcursed masses, a cacodemon, a tentacled starspawn, a vampire
mage, a freezing wraith, 2 worldbinders, a necrophage (summoned), a shadow
(summoned), a starspawn tentacle, 2 ufetubi and an alligator zombie.

Vanquished Creatures
  A tentacled starspawn (Abyss:2)
  Gastronok (Lair:1)
  A frost giant (D:11)
  A dire elephant (D:15)
  Snorg (Lair:6)
  Josephine (D:11)
  A fire dragon (Lair:6)
  Erolcha (D:9)
  Harold (D:11)
  Fannar (D:11)
  2 catoblepae
  11 hydras
  3 boulder beetles
  6 centaur warriors
  A death knight (D:12)
  3 two-headed ogres
  3 tengu warriors
  5 death yaks (Lair:6)
  11 skeletal warriors
  A glowing orange brain (Abyss:2)
  4 wizards (Volcano)
  4 orc knights
  3 deep elf pyromancers
  The ghost of bmj180 the Conjurer, a novice DrCj of Vehumet (D:7)
  A lindwurm (Lair:6)
  An orb spider (shapeshifter) (D:14)
  5 cyclopes
  4 ugly things
  4 manticores
  An ice statue (D:10)
  A gargoyle (D:12)
  13 elephants
  2 toenail golems (Volcano)
  An eye of devastation (Lair:5)
  3 molten gargoyles
  An orange demon (Abyss:2)
  8 cane toads
  8 black mambas
  A torpor snail (Lair:3)
  Maggie (Lair:2)
  4 freezing wraiths
  2 rime drakes
  3 ancient zymes (Abyss:2)
  9 komodo dragons
  2 tengu conjurers
  A guardian mummy (D:15)
  3 yaktaurs (D:14)
  A hellwing (Abyss:2)
  2 ice devils (D:14)
  5 polar bears
  A queen bee (Lair:3)
  8 trolls
  2 hornets
  10 blink frogs
  8 dream sheep
  11 slime creatures
  2 centaur simulacra (D:10)
  The ghost of Finra the Cudgeller, an amateur GrBe of Trog (D:7)
  4 flying skulls (Abyss:2)
  2 water elementals (D:14)
  2 vampires
  A ynoxinul (Abyss:2)
  A shadow (D:9)
  5 basilisks
  4 wyverns
  A golden eye (shapeshifter) (D:10)
  54 yaks
  9 wraiths
  3 steam dragons
  15 vampire mosquitoes
  4 nagas (Lair:3)
  2 acid dragons
  17 water moccasins
  3 hell hounds (Lair:6)
  A floating eye (Lair:5)
  13 orc warriors
  A sky beast (D:5)
  A meliai simulacrum (D:10)
  8 ogres
  4 ice beasts (D:10)
  6 necrophages
  A boggart (D:14)
  12 wolves
  24 centaurs
  A phantom (D:5)
  3 kobold brigands
  8 bullfrogs
  3 scorpions
  3 small abominations (Abyss:2)
  3 gnoll sergeants
  26 killer bees
  6 wights
  3 electric eels
  2 howler monkeys
  A centaur zombie (D:6)
  4 starcursed masses (Abyss:2)
  5 lava snakes (Lair:6)
  A quasit (Abyss:2)
  4 gnoll shamans
  11 orc priests
  A bullfrog skeleton (D:7)
  3 hounds (D:5)
  Natasha (thrice) (D:4)
  13 orc wizards
  2 iguanas (D:5)
  2 killer bee zombies
  A hound skeleton (D:4)
  A mummy (D:9)
  3 howler monkey zombies
  27 gnolls
  5 adders
  A shadow imp (D:6)
  3 white imps (D:10)
  An ufetubus (D:10)
  2 adder skeletons (D:4)
  A worm (D:2)
  44 orcs
  7 ball pythons
  A bat zombie (D:1)
  5 endoplasms
  A giant cockroach (D:2)
  4 goblins
  13 hobgoblins
  2 jackals (D:2)
  20 kobolds
  4 quokkas
  5 bats
  5 frilled lizards
  A giant cockroach zombie (D:1)
  7 rats
  2 starspawn tentacles (Abyss:2)
670 creatures vanquished.

Vanquished Creatures (others)
  A kobold brigand (D:14)
  An orc wizard (D:14)
  A white imp (D:10)
  An ufetubus (D:10)
  18 fungi
  29 plants
  3 starspawn tentacles (Abyss:2)
  6 withered plants (D:7)
60 creatures vanquished.

Grand Total: 730 creatures vanquished

Notes
Turn   | Place    | Note
-------+----------+-------------------------------------------
     0 | D:1      | wakim the Troll Fighter began the quest for the Orb.
     0 | D:1      | Reached XP level 1. HP: 22/22 MP: 0/0
    67 | D:1      | Reached XP level 2. HP: 27/29 MP: 1/1
   221 | D:1      | You fall into a shaft and drop 1 floor!
   243 | D:2      | Reached XP level 3. HP: 36/36 MP: 2/2
   319 | D:2      | Noticed an ogre
   390 | D:2      | Killed an ogre
   391 | D:2      | Reached skill level 3 in Unarmed Combat
   391 | D:2      | Reached XP level 4. HP: 26/44 MP: 3/3
   391 | D:2      | Reached XP level 5. HP: 31/52 MP: 4/4
  1672 | D:3      | Noticed a water moccasin
  1692 | D:3      | Found an iron altar of Okawaru.
  1724 | D:2      | Killed a water moccasin
  1725 | D:2      | Reached skill level 4 in Unarmed Combat
  1725 | D:2      | Reached XP level 6. HP: 39/61 MP: 5/5
  2271 | D:3      | Found Xucsytoe's Antique Armour Boutique.
  2428 | D:4      | Noticed a steam dragon
  2434 | D:4      | Killed a steam dragon
  2482 | D:4      | Noticed Natasha
  2495 | D:4      | Killed Natasha
  2521 | D:4      | Found a hazy altar of Hepliaklqana.
  2555 | D:4      | Found a staircase to the Ecumenical Temple.
  2607 | D:4      | Noticed Natasha
  2619 | D:4      | Found a shadowy altar of Dithmenos.
  2625 | D:4      | HP: 3/60 [ogre/+0 giant club (12)]
  2650 | D:4      | Killed Natasha
  2677 | D:4      | Reached XP level 7. HP: 44/67 MP: 6/6
  2777 | D:4      | Noticed Natasha
  2782 | D:4      | Killed Natasha
  2863 | Temple   | Entered the Ecumenical Temple
  3254 | D:5      | Entered Level 5 of the Dungeon
  3270 | D:5      | Reached skill level 5 in Unarmed Combat
  3281 | D:5      | Reached skill level 5 in Shields
  3335 | D:5      | Reached XP level 8. HP: 76/78 MP: 7/7
  3510 | D:5      | Reached skill level 6 in Unarmed Combat
  3985 | D:5      | Found a radiant altar of Vehumet.
  4048 | D:5      | Reached skill level 7 in Unarmed Combat
  4048 | D:5      | Reached XP level 9. HP: 85/85 MP: 8/8
  4415 | D:6      | Reached skill level 5 in Fighting
  4423 | D:6      | Reached skill level 5 in Dodging
  4534 | D:6      | Identified a scroll of acquirement
  4534 | D:6      | Acquired 526 gold pieces
  4709 | D:6      | Identified the +0 leather armour of Qazlal's Condemnation
                  | {rCorr}
  4827 | D:7      | Found a runed translucent gate.
  4845 | D:7      | Found a runed translucent gate.
  4845 | D:7      | Noticed Finra's ghost (amateur GrBe)
  4845 | D:7      | Noticed bmj180's ghost (novice DrCj)
  4846 | D:7      | Found a runed translucent gate.
  4895 | D:7      | Reached skill level 8 in Unarmed Combat
  4949 | D:7      | Reached skill level 1 in Throwing
  5665 | D:7      | Noticed a two-headed ogre
  5673 | D:7      | Killed a two-headed ogre
  5674 | D:7      | Reached XP level 10. HP: 96/96 MP: 9/9
  6156 | D:8      | Paralysed by a hornet for 2 turns
  6158 | D:8      | HP: 4/94 [hornet (14)]
  6300 | D:8      | Found an ornate altar of the Wu Jian Council.
  6387 | D:8      | Found a white marble altar of Elyvilon.
  6514 | D:8      | Reached skill level 9 in Unarmed Combat
  6982 | D:8      | Found a glowing golden altar of the Shining One.
  7448 | D:9      | Acquired a +0 tower shield of reflection
  7673 | D:9      | Found a staircase to the Lair.
  7739 | D:9      | Identified the +0 plate armour "Ybou" {Fly}
  7763 | D:9      | Noticed Erolcha
  7805 | D:9      | Killed Erolcha
  8334 | D:10     | Entered Level 10 of the Dungeon
  8349 | D:10     | Noticed an ice statue
  8389 | D:10     | Found a broken altar of Ashenzari.
  8402 | D:10     | Reached XP level 11. HP: 59/105 MP: 10/10
  8430 | D:10     | Found a stormy altar of Qazlal.
  8438 | D:10     | Became a worshipper of Qazlal Stormbringer
  8622 | D:10     | Reached skill level 10 in Unarmed Combat
  9088 | D:10     | Reached * piety under Qazlal
  9212 | D:10     | Reached skill level 5 in Throwing
  9494 | D:10     | Noticed a five-headed hydra
  9784 | D:9      | Killed a six-headed hydra
  9845 | D:10     | Noticed an orc knight
  9879 | D:9      | Killed an orc knight
 10158 | D:10     | Found a blossoming altar of Fedhas.
 10228 | Lair:1   | Entered Level 1 of the Lair of Beasts
 10457 | Lair:1   | Reached skill level 1 in Invocations
 10497 | Lair:1   | Noticed Gastronok
 10547 | Lair:1   | Killed Gastronok
 10548 | Lair:1   | Reached skill level 11 in Unarmed Combat
 10548 | Lair:1   | Reached XP level 12. HP: 106/115 MP: 10/12
 11070 | Lair:2   | Noticed a six-headed hydra
 11112 | Lair:1   | Killed an eight-headed hydra
 11290 | Lair:2   | Identified the +1 robe of the Present {*Slow Regen+ Str+4
                  | SInv}
 11619 | Lair:2   | Noticed a six-headed hydra
 11634 | Lair:2   | Killed a six-headed hydra
 11660 | Lair:2   | Noticed Maggie
 11671 | Lair:2   | Killed Maggie
 11692 | Lair:2   | Reached ** piety under Qazlal
 12157 | Lair:3   | Found a staircase to the Snake Pit.
 13031 | Lair:3   | Reached *** piety under Qazlal
 13533 | Lair:4   | Reached skill level 12 in Unarmed Combat
 13536 | Lair:4   | Reached skill level 5 in Invocations
 13555 | Lair:4   | Noticed a seven-headed hydra
 13615 | Lair:4   | Killed a ten-headed hydra
 13616 | Lair:4   | Reached XP level 13. HP: 121/126 MP: 15/15
 13744 | Lair:4   | Found a staircase to the Swamp.
 14713 | D:7      | Killed Finra's ghost
 14722 | D:7      | Killed bmj180's ghost
 15121 | Lair:5   | You fall into a shaft and drop 1 floor!
 15121 | Lair:6   | Entered Level 6 of the Lair of Beasts
 15129 | Lair:6   | Reached **** piety under Qazlal
 15627 | Lair:5   | Found a staircase to the Slime Pits.
 15839 | Lair:6   | Noticed Snorg
 15869 | Lair:6   | Killed Snorg
 15972 | Lair:6   | Found a large runed translucent door.
 15972 | Lair:6   | Found a large runed translucent door.
 15978 | Lair:6   | Noticed wakim's ghost (journeyman DjCj)
 15993 | Lair:6   | Reached skill level 1 in Armour
 16085 | Lair:6   | Reached ***** piety under Qazlal
 16108 | Lair:6   | HP: 6/127 [elephant (6)]
 16147 | Lair:6   | Reached skill level 13 in Unarmed Combat
 16147 | Lair:6   | Reached XP level 14. HP: 129/136 MP: 18/18
 16229 | Lair:6   | Reached skill level 10 in Shields
 16697 | Lair:6   | Found a large runed translucent door.
 16716 | Lair:6   | Found a large runed translucent door.
 17436 | D:11     | Noticed Harold
 17456 | D:11     | Killed Harold
 17654 | D:11     | Noticed a frost giant
 17699 | D:11     | Killed a frost giant
 17926 | D:11     | Noticed Josephine
 17935 | D:11     | Killed Josephine
 18090 | D:11     | Noticed Fannar
 18098 | D:11     | Killed Fannar
 18751 | D:12     | Found a staircase to the Orcish Mines.
 19689 | D:12     | Identified the +1 pair of boots "Forget-Me-Not" {Rampage}
 19855 | D:13     | Reached XP level 15. HP: 145/145 MP: 20/20
 19859 | D:13     | Reached skill level 5 in Armour
 19927 | D:13     | Reached ****** piety under Qazlal
 20005 | D:13     | You fall into a shaft and drop 1 floor!
 20041 | D:14     | Reached skill level 14 in Unarmed Combat
 21723 | D:14     | Found a gate to the Vaults.
 22027 | D:15     | Entered Level 15 of the Dungeon
 22313 | D:15     | Reached skill level 10 in Invocations
 22668 | D:15     | Found a staircase to the Depths.
 22704 | D:15     | Found a portal to a secret trove of treasure.
 22869 | Orc:1    | Entered Level 1 of the Orcish Mines
 22949 | Orc:1    | Found a dark tunnel.
 22959 | Orc:1    | Found Veiliubb's Magic Scroll Emporium.
 22965 | Volcano  | Entered a volcano
 23091 | Volcano  | Cast into level 2 of the Abyss (a wizard)
 23188 | Abyss:2  | Noticed a tentacled starspawn
 23197 | Abyss:2  | Killed a tentacled starspawn
 23231 | Abyss:2  | Noticed a tentacled starspawn
 23244 | Abyss:2  | HP: 6/148 [tentacled starspawn (24)]
 23244 | Abyss:2  | Mangled by a cacodemon

Illustrated notes

Levels and vault maps discovered:
D:1:      saegor_arrival_fortress, layout_basic, serial_co_window_serial,
          co_window_corner_a, co_window_corner_a, co_window_paths_b,
          co_window_paths_a, co_window_paths_b, co_window_corner_a,
          co_window_broadway_b, co_window_broadway_a, co_window_broadway_a,
          co_window_corner_b, glass_columns_a, st_stairs_14,
          minmay_tree_intersection
D:2:      minmay_evil_eye, layout_rooms
D:3:      layout_basic, okawaru_metal_pillars_3, serial_shops, shop
D:4:      layout_rooms, lemuel_tele_altar, amcnicky_altar_gilded,
          temple_fountains, kennysheep_nub, uniq_natasha
D:5:      layout_cave_pools, nicolae_vehumet_altar_sigil, serial_bayou_pond_d,
          kennysheep_small_square
D:6:      layout_loops_ring
D:7:      layout_basic, gammafunk_ghost_cemetery, minmay_unpleasant_kobolds
D:8:      layout_basic, lemuel_round_altar, kennysheep_mini_moat,
          nicolae_overflow_hidden_temple, dk_noncrumbling_3
D:9:      layout_basic, david_lair_shrubbed, serial_undead, serial_undead_f,
          serial_undead_d, serial_undead_f, serial_undead_c, uniq_erolcha
D:10:     wad_guarded_room, layout_stronghold, general_overflow_altar,
          ashenzari_altar_1, lemuel_coloured_pillars_altar, serial_ice,
          serial_ice_a, serial_ice_n, serial_ice_i, serial_ice_d, serial_ice_b,
          serial_ice_h, minivault_16
D:11:     layout_roguey [special_room_orc], serial_rivers,
          chequers_serial_rivers_large_b, chequers_serial_rivers_micro_c,
          chequers_serial_rivers_large_a, chequers_serial_rivers_micro_a,
          chequers_serial_rivers_micro_d, minmay_evil_grid, uniq_harold,
          uniq_josephine, uniq_fannar
D:12:     layout_roguey, david_orc_3, patterned_corridor
D:13:     layout_stronghold, gauntlet_entry_generic, minivault_27
D:14:     layout_small_grid, hangedman_vaults_entry_quadrant_bands,
          minivault_14, portal_ice_cave_demonic_guard
D:15:     hangedman_depths_entry_try_elsewhere_first, layout_rooms,
          nicolae_trove_entry_path_of_doom
Temple:   minmay_temple_bridge_abc
Lair:1:   layout_cave_shapes, infiniplex_staircase_pool_2, uniq_gastronok
Lair:2:   layout_hall_layers, serial_bayou_shore_a, uniq_maggie
Lair:3:   layout_cave_pods, minmay_snake_entry_guardpost_small, special_room
          [special_room_bee]
Lair:4:   layout_layer_cave, swamp_mist
Lair:5:   layout_loops_ring, minmay_slime_entry_eyes, infiniplex_staircase_pool,
          grunt_megastairs_1
Lair:6:   cheibrodos_lair_end_hotspot, layout_regular_city,
          ebering_ghost_disaster_area, uniq_snorg
Orc:1:    orc_temple, layout_diamond_mine, nicolae_volcano_entry_lava_flow,
          basic_altar, serial_shops, shop
Abyss:2:  base: D:15, hangedman_abyss_or_decor_stabs,
          hangedman_abyss_or_decor_stabs
Volcano:  volcano_bunker

Skill      XL: |  1  2  3  4  5  6  7  8  9 10 11 12 13 14 15 |
---------------+----------------------------------------------+-----
Shields        | 3 4 5 6 7 8 9 10 11 | 11.0
Unarmed Combat | 3 4 5 7 8 9 11 12 13 14 | 14.8
Fighting       | 3 4 5 6 7 8 9 |  9.5
Dodging        | 3 4 5 6 7 8 9 |  9.5
Throwing       | 1 3 6 7 8 |  8.0
Invocations    | 2 5 7 8 10 | 10.3
Armour         | 2 4 5 |  5.0
Evocations     | |  0.8

Action                   |  1- 3 |  4- 6 |  7- 9 | 10-12 | 13-15 || total
-------------------------+-------+-------+-------+-------+-------++-------
Melee: Unarmed           |    54 |   167 |   244 |   654 |  1148 ||  2267
Throw: Boomerang         |       |       |    11 |    64 |    10 ||    85
       Dart              |       |       |     4 |    65 |     4 ||    73
Invok: Upheaval          |       |       |       |       |    10 ||    10
Evoke: Wand              |       |       |       |     6 |    17 ||    23
  Use: Scroll            |       |     8 |     7 |    14 |     6 ||    35
       Potion            |       |     1 |       |     2 |     3 ||     6
 Stab: Sleeping          |       |     1 |       |       |       ||     1
       Paralysed         |       |       |       |     3 |    21 ||    24
Armor: Robe              |    22 |    43 |    48 |    17 |       ||   130
       Troll leather arm |       |       |       |   107 |   162 ||   269
Dodge: Dodged            |    13 |    49 |   103 |   195 |   218 ||   578
       Repelled          |       |       |       |       |     8 ||     8
Block: Kite shield       |    27 |    77 |   140 |    71 |       ||   315
       Tower shield      |       |       |       |   748 |  1366 ||  2114
       Reflection        |       |       |       |    18 |    84 ||   102

Table legend: (Time is in decaauts)
 A = Elapsed time spent in this place.
 B = Non-inter-level travel time spent in this place.
 C = Inter-level travel time spent in this place.
 D = Time resting spent in this place.
 E = Time spent auto-exploring this place.
 F = Levels seen in this place.
 G = Mean time per level.
                   A        B        C        D        E       F      G
               +--------+--------+--------+--------+--------+-----+--------+
         Total |  23340 |  21621 |   1719 |     69 |  15850 |  25 |  933.6 |
       Dungeon |  16129 |  14947 |   1182 |     60 |  10857 |  15 | 1075.3 |
        Temple |    196 |    174 |     22 |      0 |    170 |   1 |  196.0 |
          Lair |   6654 |   6139 |    515 |      9 |   4719 |   6 | 1109.0 |
  Orcish Mines |     92 |     92 |      0 |      0 |     24 |   1 |   92.0 |
         Abyss |    145 |    145 |      0 |      0 |     11 |   1 |  145.0 |
       Volcano |    122 |    122 |      0 |      0 |     68 |   1 |  122.0 |
               +--------+--------+--------+--------+--------+-----+--------+

Top non-repeatable levels by time:
    D:10: 1800 daAuts
     D:7: 1627 daAuts
     D:9: 1507 daAuts
    D:13: 1435 daAuts
  Lair:3: 1393 daAuts
    D:11: 1342 daAuts
  Lair:6: 1322 daAuts
  Lair:4: 1155 daAuts
    D:12: 1099 daAuts
     D:1: 1086 daAuts
     D:8: 1033 daAuts
  Lair:2: 1024 daAuts
  Lair:1: 965 daAuts
     D:3: 892 daAuts
    D:14: 878 daAuts
